 Dungeon Crawl Stone Soup version 0.28.0-1-gb440e238dd (webtiles) character file.

Game seed: 13612579208472952609

14569 issech the Bludgeoner (level 11, -18/99 HPs)
             Began as a Troll Monk on Feb 23, 2022.
             Was an Elder of Hepliaklqana.
             Killed by refrigeration
             ... invoked by Fannar
              (46 damage)
             ... on level 11 of the Dungeon.
             The game lasted 00:50:17 (9892 turns).

issech the Bludgeoner (Troll Monk)                  Turns: 9892, Time: 00:50:18

Health: -18/99     AC:  6    Str: 25    XL:     11   Next: 90%
Magic:  10/10      EV: 15    Int:  3    God:    Hepliaklqana [****..]
Gold:   684        SH:  0    Dex: 24    Spells: 10/10 levels left

rFire   . . .      SeeInvis .   u - +0 giant spiked club (freeze)
rCold   x . .      Faith    +   (shield currently unavailable)
rNeg    . . .      Spirit   .   I - +0 steam dragon scales
rPois   +          Reflect  .   (helmet restricted)
rElec   .          Harm     .   O - +1 cloak
rCorr   .          Rampage  .   (gloves unavailable)
Will    .....                   (boots unavailable)
Stlth   +++.......              Y - amulet "Atisubyk" {Faith rC- Regen+ Str+4 Int-3 Slay+3}
HPRegen 1.86/turn               P - +6 ring of dexterity
MPRegen 0.12/turn               f - ring of poison resistance

@: studying Dodging
A: reduced essence, large, unfitting armour, claws 3, regeneration 1, shaggy fur
1, tough skin 1, agile 1, deformed body
a: Renounce Religion, Recall Ancestor, Ancestor Identity, Transference, Idealise


You were on level 11 of the Dungeon.
You worshipped Hepliaklqana.
Hepliaklqana was greatly pleased with you.
You visited 2 branches of the dungeon, and saw 12 of its levels.
You also visited: Bailey.

You collected 684 gold pieces.

Inventory:

Hand Weapons
 a - a +0 dire flail
 u - a +0 giant spiked club of freezing (weapon)
 v - a +0 giant club
 K - a +3 shortbow
 S - a +2 flail of holy wrath
 U - a +5 halberd of freezing
Missiles
 c - 425 stones (quivered)
 l - 29 boomerangs
 n - 244 arrows
 x - 67 bolts
 y - 80 sling bullets
 z - 28 poisoned darts
 B - 5 datura-tipped darts
 Q - 6 javelins
 V - 4 curare-tipped darts
Armour
 E - a +2 robe
 I - +0 steam dragon scales (worn)
 O - a +1 cloak (worn)
Jewellery
 f - a ring of poison resistance (right claw)
 i - an amulet of reflection
 j - a ring of willpower
 p - a ring of resist corrosion
 P - a +6 ring of dexterity (left claw)
 T - a ring of flight
 Y - the amulet "Atisubyk" (around neck) {Faith rC- Regen+ Str+4 Int-3 Slay+3}
   (You found it in a bailey)

   [amulet of faith]

   It allows you to gain divine favour quickly.
   Str:       It affects your strength (+4).
   Int:       It affects your intelligence (-3).
   Slay:      It affects your accuracy & damage with ranged weapons and melee
   (+3).
   rC:        It makes you vulnerable to cold.
   Regen:     It increases your rate of health regeneration.
Wands
 b - a wand of iceblast (6)
 M - a wand of mindburst (15)
 W - a wand of flame (21)
 X - a wand of paralysis (1)
Scrolls
 g - a scroll of immolation
 h - a scroll of magic mapping
 k - 2 scrolls of enchant armour
 o - 3 scrolls of vulnerability
 q - 3 scrolls of teleportation
 t - 2 scrolls of blinking
 D - 2 scrolls of enchant weapon
 F - 3 scrolls of fog
 R - a scroll of holy word
Potions
 d - 3 potions of heal wounds {unknown}
 e - 6 potions of might {unknown}
 m - 2 potions of berserk rage {unknown}
 r - 3 potions of curing
 s - 2 potions of attraction {unknown}
 w - a potion of lignification {unknown}
 C - 3 potions of haste {unknown}
 G - a potion of ambrosia {unknown}
 H - a potion of magic {unknown}
 J - 2 potions of brilliance {unknown}
 L - a potion of invisibility
 N - a potion of experience
 Z - 3 potions of mutation


   Skills:
 + Level 7.8 Fighting
 + Level 15.9 Maces & Flails
 + Level 2.2 Throwing
 + Level 7.6 Dodging
 + Level 3.5 Stealth
 + Level 3.4 Shields


You had 10 spell levels left.
You didn't know any spells.
Your spell library contained the following spells:

 Spells                   Type           Power      Damage    Failure   Level
 Sandblast                Erth           0%         2d4       52%         1
 Corpse Rot               Necr/Air       0%         N/A       67%         2
 Passwall                 Tmut/Erth      0%         N/A       67%         2
 Conjure Flame            Conj/Fire      0%         6-21      88%         3
 Gell's Gravitas          Tloc           0%         N/A       88%         3
 Stone Arrow              Conj/Erth      0%         3d7       88%         3
 Teleport Other           Tloc           0%         N/A       88%         3
 Tukima's Dance           Hex            0%         N/A       88%         3
 Hailstorm                Conj/Ice       0%         3d3       99%         4
 Ice Form                 Ice/Tmut       0%         N/A       99%         4
 Passage of Golubria      Tloc           0%         N/A       99%         4
 Freezing Cloud           Conj/Ice/Air   0%         6-21      100%        5
 Yara's Violent Unravell  Hex/Tmut       0%         3d3       100%        5
 Simulacrum               Ice/Necr       0%         N/A       100%        6


Dungeon Overview and Level Annotations

Branches:
Dungeon (11/15)            Temple (1/1) D:7            Lair (0/6) D:8
    Orc (0/2) D:10         Bailey (visited)

Altars:
Ashenzari
Cheibriados
Dithmenos
Elyvilon
Fedhas
Gozag
Hepliaklqana
Kikubaaqudgha
Makhleb
Nemelex Xobeh
Okawaru
Qazlal
Ru
Sif Muna
Trog
Uskayaw
Vehumet
Wu Jian
Xom
Yredelemnul
Zin
The Shining One

Shops:
D:1 *

Annotations:
D:11 Fannar


Innate Abilities, Weirdness & Mutations

Your life essence is reduced to manifest your ancestor. (-10% HP)
You are too large for most types of armour.
You have claws for hands.
Your natural rate of healing is unusually fast.
You are covered in fur. (AC +1)
You have tough skin. (AC +1)
You are agile. (Dex +2)
Armour fits poorly on your strangely shaped body.


Message History

You barely miss Fannar.
Fannar is almost dead.
Fannar gestures wildly while chanting.
The ice beast closely misses you.
You hit Fannar.
Fannar is almost dead.
Fannar hits you with a +0 quarterstaff of freezing.
Fannar freezes you.
The ice beast hits you but does no damage.
You miss Fannar.
Fannar is almost dead.
Fannar gestures wildly while chanting.
Fannar drains the heat from the surrounding environment!
You feel a terrible chill!
Tochtli is frozen.
Tochtli resists.
The ice beast hits you but does no damage.
You swap places.
Fannar brushes some snowflakes from their robe.
Fannar hits Tochtli with a +0 quarterstaff of freezing!
Fannar freezes Tochtli.
The ice beast hits Tochtli but does no damage.
Tochtli barely misses Fannar.
Fannar barely misses Tochtli.
The ice beast closely misses Tochtli.
Tochtli hits Fannar with a +0 quarterstaff!
Fannar hits Tochtli with a +0 quarterstaff of freezing!
Fannar freezes Tochtli.
The ice beast hits Tochtli.
The ice beast freezes Tochtli.
Tochtli resists.
Tochtli is destroyed!
Fannar gestures wildly while chanting.
Fannar says, "An icy embrace awaits you..."
Fannar gestures wildly while chanting.
Fannar drains the heat from the surrounding environment!
You feel a terrible chill!
* * * LOW HITPOINT WARNING * * *
There is a stone staircase leading up here.
Fannar gestures wildly while chanting.
Fannar drains the heat from the surrounding environment!
You feel a terrible chill!
You die...

# ...# #.# #.....# #
#.### #Y# #..#### # #.
#e# #..# ########
####.# #..### ##.......
..##.# #....#
#...####.## #.##.#
#..#.# ..........#
#.##.# #..#.#
...<####..#
#.##.#########..# #
.#.## #..#
#..@............# .#.#
#..####))#.#########.##
.#...###..........# ###
...#..............#
.#...####.####..###
.#..............#
.#.######.####.## #>#
#.# ... ..#


You could see Fannar and an ice beast (summoned).

Vanquished Creatures
  An orc warlord (Bailey)
  A boulder beetle (D:6)
  3 two-headed ogres
  Pikel (D:7)
  An unseen horror (D:11)
  Maggie (D:6)
  A wraith (D:11)
  A shadow (D:9)
  18 yaks
  2 wyverns (D:9)
  2 steam dragons (D:7)
  3 water moccasins
  3 sky beasts
  4 orc warriors
  An ice beast (D:7)
  4 necrophages
  3 ogres
  5 centaurs
  2 lemures (D:7)
  2 kobold brigands
  Blork the orc (D:5)
  2 bullfrogs
  3 scorpions (D:5)
  6 killer bees (D:9)
  3 wights (D:8)
  3 howler monkeys (D:8)
  3 centaur zombies
  A bullfrog zombie (D:6)
  A centaur skeleton (D:6)
  3 orc priests
  2 hounds (D:4)
  A jelly (D:5)
  A bullfrog skeleton (D:7)
  A gnoll shaman (D:5)
  Terence (D:2)
  A scorpion zombie (D:5)
  Natasha (thrice) (D:2)
  6 iguanas
  6 orc wizards
  A howler monkey zombie (D:9)
  10 gnolls
  6 adders
  2 shadow imps (D:6)
  2 white imps
  3 ufetubi
  An adder skeleton (D:4)
  4 worms
  3 dart slugs
  21 orcs
  5 ball pythons
  6 bats
  8 endoplasms
  4 giant cockroaches
  7 goblins
  11 hobgoblins
  6 jackals
  12 kobolds
  5 quokkas
  4 frilled lizards
  A quokka skeleton (D:4)
  A rat (D:3)
230 creatures vanquished.

Vanquished Creatures (collateral kills)
  An unseen horror (D:10)
  A komodo dragon (D:8)
  A troll (D:10)
  A shadow (D:10)
  3 yaks
  A wyvern (D:9)
  An orc warrior (Bailey)
  2 centaurs
  7 killer bees (D:9)
  2 wights (D:8)
  A lava snake (D:9)
  A howler monkey zombie (D:9)
  3 gnolls
  An orc (D:8)
  A hobgoblin (Bailey)
  12 kobolds
39 creatures vanquished.

Vanquished Creatures (others)
  4 battlemagi
  10 plants (D:8)
14 creatures vanquished.

Grand Total: 283 creatures vanquished

Notes
Turn   | Place    | Note
-------+----------+-------------------------------------------
     0 | D:1      | issech the Troll Monk began the quest for the Orb.
     0 | D:1      | Reached XP level 1. HP: 22/22 MP: 0/0
    66 | D:1      | Reached XP level 2. HP: 29/29 MP: 1/1
    67 | D:1      | Found a faded altar of an unknown god.
   281 | D:1      | Found Fourch's General Store.
   347 | D:1      | Reached skill level 3 in Maces & Flails
   544 | D:1      | Reached XP level 3. HP: 29/36 MP: 2/2
   903 | D:2      | Noticed Terence
   998 | D:2      | Killed Terence
   999 | D:2      | Reached XP level 4. HP: 29/44 MP: 3/3
  1021 | D:2      | Noticed Natasha
  1032 | D:2      | Killed Natasha
  1099 | D:2      | Noticed Natasha
  1116 | D:2      | Killed Natasha
  1280 | D:2      | Noticed Natasha
  1326 | D:2      | Killed Natasha
  1327 | D:2      | Reached skill level 4 in Maces & Flails
  1327 | D:2      | Reached XP level 5. HP: 30/53 MP: 4/4
  1473 | D:3      | Noticed a sky beast
  1504 | D:3      | Killed a sky beast
  1568 | D:3      | Reached XP level 6. HP: 39/61 MP: 5/5
  1807 | D:3      | Found a basalt altar of Yredelemnul.
  2223 | D:3      | Found a blossoming altar of Fedhas.
  2260 | D:3      | Found a shimmering blue altar of Sif Muna.
  2266 | D:3      | Found an ornate altar of the Wu Jian Council.
  2432 | D:3      | Reached skill level 5 in Maces & Flails
  2432 | D:3      | Reached XP level 7. HP: 36/68 MP: 6/6
  2607 | D:4      | Reached skill level 1 in Shields
  3190 | D:5      | Entered Level 5 of the Dungeon
  3266 | D:5      | Reached skill level 6 in Maces & Flails
  3312 | D:5      | Reached XP level 8. HP: 56/79 MP: 7/7
  3615 | D:5      | Noticed Blork the orc
  3621 | D:5      | Killed Blork the orc
  4180 | D:6      | Noticed a boulder beetle
  4201 | D:6      | Reached skill level 7 in Maces & Flails
  4207 | D:6      | Killed a boulder beetle
  4208 | D:6      | Reached skill level 5 in Fighting
  4208 | D:6      | Reached skill level 8 in Maces & Flails
  4208 | D:6      | Reached XP level 9. HP: 72/88 MP: 8/8
  4255 | D:6      | Identified 2 scrolls of acquirement
  4256 | D:6      | Acquired a manual of Dodging
  4260 | D:6      | Acquired a manual of Maces & Flails
  4342 | D:6      | Reached skill level 5 in Dodging
  4396 | D:6      | Noticed Maggie
  4413 | D:6      | Killed Maggie
  4414 | D:6      | Reached skill level 9 in Maces & Flails
  4517 | D:6      | Reached skill level 10 in Maces & Flails
  4727 | D:6      | Found a glowing silver altar of Zin.
  4853 | D:6      | Reached skill level 11 in Maces & Flails
  5125 | D:7      | Noticed Pikel
  5170 | D:7      | Killed Pikel
  5171 | D:7      | Reached XP level 10. HP: 47/98 MP: 9/9
  5387 | D:7      | Found an opulent altar of Gozag.
  5554 | D:7      | Found a staircase to the Ecumenical Temple.
  5604 | D:7      | Reached skill level 12 in Maces & Flails
  6043 | Temple   | Entered the Ecumenical Temple
  6125 | Temple   | Became a worshipper of Hepliaklqana the Forgotten
  6125 | Temple   | Reached * piety under Hepliaklqana
  6125 | Temple   | Reached ** piety under Hepliaklqana
  6126 | Temple   | Remembered your ancestor Tochtli as a battlemage
  7160 | D:8      | Found a staircase to the Lair.
  7391 | D:9      | Reached skill level 13 in Maces & Flails
  7449 | D:9      | Reached *** piety under Hepliaklqana
  7558 | D:9      | Reached skill level 1 in Throwing
  7765 | D:9      | Reached skill level 14 in Maces & Flails
  7792 | D:9      | Found a flagged portal.
  7803 | Bailey   | Entered a bailey
  7922 | Bailey   | Noticed an orc warlord
  8055 | Bailey   | Reached XP level 11. HP: 94/96 MP: 10/10
  8080 | Bailey   | Found a runed translucent gate.
  8083 | Bailey   | Found a runed translucent gate.
  8086 | Bailey   | Found a runed translucent gate.
  8260 | Bailey   | Killed an orc warlord
  8403 | Bailey   | Got the Papyrus of Flames and Displacement
  8414 | Bailey   | Identified the amulet "Atisubyk" {Faith rC- Regen+ Str+4
                  | Int-3 Slay+3}
  8608 | D:9      | Identified the +0 leather armour "Cehemm" {+Inv Fly}
  8744 | D:10     | Entered Level 10 of the Dungeon
  9046 | D:10     | Reached skill level 15 in Maces & Flails
  9056 | D:10     | Noticed a two-headed ogre
  9061 | D:10     | Killed a two-headed ogre
  9083 | D:10     | You fall into a shaft and drop 1 floor!
  9165 | D:11     | Noticed Fannar
  9181 | D:11     | Reached **** piety under Hepliaklqana
  9312 | D:10     | Found a staircase to the Orcish Mines.
  9715 | D:11     | Noticed a two-headed ogre
  9715 | D:11     | Noticed a two-headed ogre
  9718 | D:11     | Killed a two-headed ogre
  9721 | D:11     | Killed a two-headed ogre
  9738 | D:11     | Gained mutation: You have hidden genetic defects. [potion
                  | of mutation]
  9738 | D:11     | Gained mutation: Your muscles are strong. (Str +2) [potion
                  | of mutation]
  9739 | D:11     | Lost mutation: Your muscles are strong. (Str +2) [potion of
                  | mutation]
  9739 | D:11     | Lost mutation: You have hidden genetic defects. [potion of
                  | mutation]
  9739 | D:11     | Gained mutation: Armour fits poorly on your strangely
                  | shaped body. [potion of mutation]
  9739 | D:11     | Gained mutation: You are agile. (Dex +2) [potion of
                  | mutation]
  9811 | D:11     | Got Oxew's Guide on the Floating Mountains
  9892 | D:11     | Killed from afar by Fannar

Illustrated notes

Levels and vault maps discovered:
D:1:      dpeg_arrival_simpleton_a, layout_basic,
          chequers_ecumenical_altar_simple, serial_shops, nicolae_shop_stone,
          serial_bayou_pond_e
D:2:      layout_rooms, uniq_terence, uniq_natasha
D:3:      layout_loops_ring, yredelemnul_altar_generic,
          minmay_overflow_temple_star_quad
D:4:      layout_cave_pools
D:5:      layout_loops_cross, chequers_serial_rivers_micro_d, uniq_blork_the_orc
D:6:      layout_basic, zin_academy, uniq_maggie
D:7:      layout_loops_corners, nicolae_gozag_seed_capital,
          minmay_temple_entry_ruins, uniq_pikel
D:8:      layout_loops_ring, david_lair_shrubbed
D:9:      layout_big_octagon, enter_bailey_7
D:10:     layout_loops_ring, orc_0_dummy
D:11:     cheibrodos_barr_body, layout_loops_ring, fedhas_altar_fruit_tree,
          uniq_maurice, uniq_josephine, uniq_fannar
Temple:   eino_temple_rhombus

Skill      XL: |  1  2  3  4  5  6  7  8  9 10 11 |
---------------+----------------------------------+-----
Maces & Flails | 3 4 5 6 8 11 14 15 | 15.9
Dodging        | 3 4 5 6 7 |  7.6
Fighting       | 3 4 5 6 7 |  7.8
Shields        | 1 2 3 |  3.4
Stealth        | 2 3 |  3.5
Throwing       | 1 2 |  2.2

Action                   |  1- 3 |  4- 6 |  7- 9 | 10-12 || total
-------------------------+-------+-------+-------+-------++-------
Melee: Mace              |   103 |   239 |    99 |       ||   441
       Punch             |     2 |     3 |       |       ||     5
       Giant club        |       |       |   221 |   204 ||   425
       Flail             |       |       |    10 |       ||    10
       Giant spiked club |       |       |       |    62 ||    62
Throw: Stone             |       |    14 |       |    45 ||    59
Invok: Recall Ancestor   |       |       |       |     1 ||     1
       Ancestor Life: Ba |       |       |       |     1 ||     1
  Use: Scroll            |       |     2 |     4 |    10 ||    16
       Potion            |       |       |       |     2 ||     2
 Stab: Sleeping          |       |       |     5 |     6 ||    11
       Distracted        |       |       |       |     4 ||     4
Armor: Robe              |    62 |    80 |    55 |       ||   197
       Steam dragon scal |       |       |    32 |    74 ||   106
       Skin              |       |       |     1 |       ||     1
Dodge: Dodged            |   113 |   120 |   157 |   172 ||   562
Block: Other             |     3 |    66 |    72 |    30 ||   171
       Reflection        |       |     2 |     1 |     6 ||     9
